 Dungeon Crawl Stone Soup version 0.31-a0-233-g139696dc86 (webtiles) character file.

Game seed: 8671346941769581084

294 qw the Shooter (level 6, -1/51 HPs)
             Began as a Minotaur Hexslinger on July 7, 2023.
             Slain by Grinder (2 damage)
             ... in a sewer.
             The game lasted 00:01:07 (2300 turns).

qw the Shooter (Minotaur Hexslinger)                Turns: 2300, Time: 00:01:08

Health: -1/51      AC:  5    Str: 12    XL:     6   Next: 11%
Magic:  6/6        EV: 12    Int: 10    God:
Gold:   74         SH:  0    Dex: 15    Spells: 6/7 levels left

rFire   . . .        Y - +2 sling
rCold   . . .        (no shield)
rNeg    . . .        d - +0 leather armour
rPois   .            (helmet restricted)
rElec   .            f - +0 cloak
rCorr   +            a - +0 pair of gloves
SInv    .            (no boots)
Will    .....        (no amulet)
Stlth   +            k - ring of resist corrosion
HPRegen 0.28/turn    (no ring)
MPRegen 0.10/turn

%: no passive effects
@: no status effects
A: horns 2, retaliatory headbutt
a: no special abilities


You were in a sewer.
You visited 1 branch of the dungeon, and saw 3 of its levels.
You also visited: Sewer.

You collected 74 gold pieces.


Innate Abilities, Weirdness & Mutations

You have a pair of horns on your head.
You reflexively headbutt those who attack you in melee.


   Skills:
 - Level 3.0 Fighting
 + Level 5.8 Ranged Weapons
 - Level 3.0 Armour
 - Level 2.1 Dodging
 - Level 1.0 Spellcasting
 - Level 2.0 Hexes


You had 6 spell levels left.
You knew the following spells:

 Your Spells              Type           Power      Damage    Failure   Level
a - Slow                  Hex            16%        N/A       19%         1

Your spell library contained the following spells:

 Spells                   Type           Power      Damage    Failure   Level
 Inner Flame              Hex/Fire       2%         N/A       65%         3
 Portal Projectile        Hex/Tloc       4%         N/A       65%         3
 Cause Fear               Hex            2%         N/A       88%         4

Inventory:

Hand Weapons
 Y - a +2 sling (weapon)
Armour
 a - a +0 pair of gloves (worn)
 d - a +0 leather armour (worn)
 f - a +0 cloak (worn)
Jewellery
 k - a ring of resist corrosion (left hand)
Scrolls
 l - a scroll of identify
 m - a scroll of vulnerability {unknown}
Potions
 b - a potion of might
 c - a potion of mutation {unknown}
 e - a potion of magic {unknown}
 g - a potion of brilliance {unknown}
 i - a potion of lignification {unknown}
 j - a potion of heal wounds {unknown}

Dungeon Overview and Level Annotations

Branches:
Dungeon (3/15)              Sewer (1/1)

Altars:
Ru

Annotations:
Sewer Grinder


Message History

2219 ||| STILL FLEEEEING.
There is an open door here.
2220 ||| STILL FLEEEEING.
Things that are here:
a +0 club; 3 stones; a kobold corpse You start resting.
Grinder is nearby!
2283 ||| FLEEEEING.
There is an open door here.
2284 ||| FLEEEEING.
2285 ||| STILL FLEEEEING.
You enter the shallow water.
Moving in this stuff is going to be slow.
2286 ||| STILL FLEEEEING.
2287 ||| STILL FLEEEEING.
You enter the shallow water.
Moving in this stuff is going to be slow.
2288 ||| STILL FLEEEEING.
2289 ||| STILL FLEEEEING.
2290 ||| FLEEEEING.
2291 ||| FLEEEEING.
2292 ||| FLEEEEING.
2293 ||| STILL FLEEEEING.
2294 ||| STILL FLEEEEING.
Grinder grins, showing sharp teeth.
2295 ||| FLEEEEING.
2296 ||| FLEEEEING.
Grinder blinks!
You shoot a sling bullet.
The sling bullet closely misses Grinder.
Grinder gestures at you. Pain shoots through your body!
You shoot a sling bullet.
The sling bullet hits Grinder but does no damage.
Grinder is moderately wounded.
You shoot a sling bullet. The sling bullet hits Grinder.
Grinder is moderately wounded.
Grinder hits you!
You writhe in agony.
You shoot a sling bullet. The sling bullet hits Grinder.
Grinder is heavily wounded.
Grinder hits you!
You writhe in agony.
You die...

#~~~.~~~.~~~~~~~~~~~~.#
#~~~..~#..)...........#
#~~~~~~##.##########~##
#~~~~~~#...# ~~~~~#~~~#
#~~~~~~#...#~~~~~~#~~~#
#~~~~~~~...#~~~~~~#~~~#
#~~~~~~#.%.~~~~~~~#~~~#
#~~~~~~#...#~~~~~~#~~~#
#~~~~~~~@..~~~~~~~#~~~#
#~~~~~~#5).~~~~~~~#~~~#
#~~~~~~#...#~~~~~~#
#~~~~~~~...#~~~~~~#
#~~~~~~#..)#~~~~~~#
#~~~~~~#...~~~~~~~#
#~~~~~~#.).#~~~~~~#
#~~~~~...~...~~~~~#
#~~~~..#~~~#...~~.# #


You could see Grinder.

Vanquished Creatures
  A phantom (Sewer)
  A kobold brigand (Sewer)
  3 adders
  A river rat (D:3)
  A shadow imp (Sewer)
  2 ufetubi (Sewer)
  2 worms
  2 dart slugs (D:1)
  2 orcs
  4 bats
  A bat zombie (Sewer)
  2 endoplasms
  9 giant cockroaches
  6 goblins
  8 hobgoblins
  6 jackals (D:1)
  13 kobolds
  A quokka (D:1)
  7 ball pythons
  2 frilled lizards (D:1)
  3 kobold zombies (Sewer)
  10 rats
87 creatures vanquished.

Notes
Turn   | Place    | Note
-------+----------+-------------------------------------------
     0 | D:1      | qw the Minotaur Hexslinger began the quest for the Orb.
     0 | D:1      | Reached XP level 1. HP: 16/16 MP: 1/1
     0 | D:1      | 0 ||| qw: Version: 0.3-a-46-gb1f654a
     0 | D:1      | 0 ||| qw: Game counter: 3203
     0 | D:1      | 0 ||| qw: Melee chars always use a shield: true
     0 | D:1      | 0 ||| qw: God list: Okawaru
     0 | D:1      | 0 ||| qw: Allow faded altars: false
     0 | D:1      | 0 ||| qw: Do Orc after clearing Dungeon:15 true
     0 | D:1      | 0 ||| qw: Do second Lair branch before Depths: true
     0 | D:1      | 0 ||| qw: Lair rune preference: random
     0 | D:1      | 0 ||| qw: Goals: Normal
     0 | D:1      | 0 ||| PLANNING D:1-11
    89 | D:1      | Reached skill level 3 in Ranged Weapons
    90 | D:1      | Reached XP level 2. HP: 22/23 MP: 2/2
   358 | D:1      | Reached XP level 3. HP: 29/29 MP: 3/3
   634 | D:1      | 634 ||| UPGRADING to +0 leather armour.
   644 | D:1      | 644 ||| DROPPING +0 robe.
   645 | D:1      | 645 ||| READING scroll labelled BUIQAN QUTHROSENA.
   646 | D:1      | 646 ||| READING scroll labelled QAYH ADERO.
   647 | D:1      | 647 ||| READING scroll labelled ABUUMP HARUDD.
   648 | D:1      | 648 ||| DROPPING scroll of poison.
   687 | D:2      | Found a sacrificial altar of Ru.
   700 | D:2      | Reached skill level 4 in Ranged Weapons
  1028 | D:2      | Reached XP level 4. HP: 22/36 MP: 4/4
  1364 | D:2      | 1364 ||| UPGRADING to +0 pair of gloves.
  1369 | D:2      | 1369 ||| READING scroll labelled ZINGEHUTWARE.
  1402 | D:3      | 1402 ||| PLANNING SEWER
  1647 | D:3      | Reached skill level 5 in Ranged Weapons
  1929 | D:3      | Found a glowing drain.
  1930 | D:3      | 1930 ||| Stepping ~*~*~tactically~*~*~ (water).
  1935 | D:3      | 1935 ||| UPGRADING to +0 cloak.
  1940 | D:3      | 1940 ||| UPGRADING to ring of resist corrosion.
  1941 | D:3      | 1941 ||| READING scroll labelled QAUPUIDYU.
  1942 | D:3      | 1942 ||| READING 2 scrolls labelled ODUFOY QYSOQI.
  1943 | D:3      | 1943 ||| READING 2 scrolls of identify.
  1943 | D:3      | 1943 ||| IDENTIFYING amethyst potion
  1944 | D:3      | 1944 ||| DROPPING scroll of amnesia.
  1950 | Sewer    | Entered a sewer
  2014 | Sewer    | Reached skill level 3 in Fighting
  2057 | Sewer    | Reached XP level 5. HP: 44/45 MP: 5/5
  2061 | Sewer    | 2061 ||| Stepping ~*~*~tactically~*~*~ (water).
  2069 | Sewer    | Reached skill level 3 in Armour
  2077 | Sewer    | Found an ancient bone altar of Kikubaaqudgha.
  2086 | Sewer    | Noticed a phantom
  2107 | Sewer    | Killed a phantom
  2108 | Sewer    | Reached XP level 6. HP: 34/51 MP: 6/6
  2191 | Sewer    | Noticed Grinder
  2196 | Sewer    | Paralysed by Grinder for 3 turns
  2202 | Sewer    | HP: 11/51 [Grinder (6)]
  2203 | Sewer    | 2203 ||| READING 2 scrolls of teleportation.
  2208 | Sewer    | 2208 ||| READING scroll of teleportation.
  2209 | Sewer    | 2209 ||| FLEEEEING.
  2210 | Sewer    | 2210 ||| FLEEEEING.
  2211 | Sewer    | 2211 ||| FLEEEEING.
  2283 | Sewer    | 2283 ||| FLEEEEING.
  2284 | Sewer    | 2284 ||| FLEEEEING.
  2290 | Sewer    | 2290 ||| FLEEEEING.
  2291 | Sewer    | 2291 ||| FLEEEEING.
  2292 | Sewer    | 2292 ||| FLEEEEING.
  2295 | Sewer    | 2295 ||| FLEEEEING.
  2296 | Sewer    | 2296 ||| FLEEEEING.
  2299 | Sewer    | HP: 9/51 [Grinder (4)]
  2300 | Sewer    | HP: 1/51 [Grinder (8)]
  2300 | Sewer    | Slain by Grinder

Levels and vault maps discovered:
D:1:      eino_arrival_cavern_d, layout_loops_ring
D:2:      layout_loops_cross, basic_altar
D:3:      layout_rooms, portal_sewer_entry_e, st_stairs_10
Sewer:    kennysheep_sewer_church

Skill      XL: |  1  2  3  4  5 |
---------------+----------------+-----
Ranged Weapons | 3 4 5 |  5.8
Fighting       | 2 3 |  3.0
Armour         | 3 |  3.0
Dodging        | |  2.1
Spellcasting   | |  1.0
Hexes          | |  2.0

Action                     |  1- 3 |  4- 6 || total
---------------------------+-------+-------++-------
   Fire: Sling             |   111 |   153 ||   264
    Use: Scroll            |     3 |     6 ||     9
 Armour: Robe              |     6 |       ||     6
         Leather armour    |     5 |    21 ||    26
  Dodge: Dodged            |    28 |    58 ||    86

Table legend:
 A = Non-vault XP
 B = Vault XP
 C = Vault XP percentage of total XP
 D = Non-vault monster count
 E = Vault monster count
 F = Vault count percentage of total count
                 A         B        C        D         E       F
            +---------+---------+-------+---------+---------+-------
      Total |     140 |     280 |  66.7 |      54 |      33 |  37.9
            +---------+---------+-------+---------+---------+-------
        D:1 |      52 |       0 |   0.0 |      27 |       0 |   0.0
        D:2 |      50 |       0 |   0.0 |      13 |       0 |   0.0
        D:3 |      38 |      28 |  42.4 |      14 |      10 |  41.7
      Sewer |       0 |     252 | 100.0 |       0 |      23 | 100.0
            +---------+---------+-------+---------+---------+-------
